 Dungeon Crawl Stone Soup version 0.32-a0-128-g77eb882913 (webtiles) character file.

Game seed: 7962355574803564562

141 Ge0ff the Magician (level 5, 0/40 HPs)
             Began as a Mummy Reaver on Feb 8, 2024.
             Slain by a gnoll sergeant
             ... wielding a +1 trident of venom
              (12 damage)
             ... on level 3 of the Dungeon.
             The game lasted 00:08:05 (2951 turns).

Ge0ff the Magician (Mummy Reaver)                   Turns: 2951, Time: 00:08:06

Health: 0/40       AC:  3    Str: 16    XL:     5   Next: 3%
Magic:  7/10       EV: 11    Int: 14    God:
Gold:   123        SH:  0    Dex: 10    Spells: 6/10 levels left

rFire   . . .        a - +0 spear
rCold   + . .        (no shield)
rNeg    + + +        b - +0 leather armour
rPois   ∞            (no helmet)
rElec   .            (no cloak)
rCorr   .            (no gloves)
SInv    .            (no boots)
Will    .....        (no amulet)
Stlth   +            f - +4 ring of slaying
HPRegen 0.26/turn    W - ring of protection from fire {=R}
MPRegen 0.12/turn

%: faith
@: freezing walls
A: cold resistance 1, negative energy resistance 3, torment resistance 2, heat
vulnerability 1, in touch with death 1, no potions, faith
a: no special abilities


You were on level 3 of the Dungeon.
You visited 1 branch of the dungeon, and saw 3 of its levels.

You collected 123 gold pieces.

Inventory:

Hand Weapons
 a - a +0 spear (weapon)
 R - a +0 halberd
 V - a +0 sling
Missiles
 h - 33 stones (quivered)
 U - 18 poisoned darts
 Y - 5 boomerangs
Armour
 b - a +0 leather armour (worn)
Jewellery
 f - a +4 ring of slaying (left hand)
 W - a ring of protection from fire (right hand) {=R}
Scrolls
 B - a scroll of blinking
 E - a scroll of fear
 S - a scroll of enchant weapon {unknown}
 T - 4 scrolls of teleportation
 Z - a scroll of amnesia {unknown}


   Skills:
 - Level 2.8 Fighting
 - Level 3.0 Polearms
 - Level 1.5 Dodging
 - Level 3.4 Spellcasting
 - Level 2.4 Conjurations
 + Level 2.5 Ice Magic


You had 6 spell levels left.
You knew the following spells:

 Your Spells              Type           Power      Damage    Failure   Level
s - Frozen Ramparts       Ice            18%        1d3       26%         3
E - Kiss of Death         Conj/Necr      32%        2d7       16%         1

Your spell library contained the following spells:

 Spells                   Type           Power      Damage    Failure   Level
 Freeze                   Ice            36%        1d5       9%          1
 Magic Dart               Conj           36%        1d4       10%         1
 Sting                    Conj/Alch      20%        1d4       16%         1
 Momentum Strike          Conj/Tloc      10%        3d8       24%         2
 Slow                     Hex            8%         N/A       26%         1
 Hailstorm                Conj/Ice       9%         3d6       26%         3
 Confusing Touch          Hex            2%         N/A       58%         3
 Dispel Undead            Necr           3%         3d7       94%         4


Dungeon Overview and Level Annotations

Branches:
Dungeon (3/15) Zot: 15056

Altars:
Dithmenos


Innate Abilities, Weirdness & Mutations

You are immune to poison.
Your flesh is cold resistant. (rC+)
You are immune to negative energy. (rN+++)
You are immune to unholy pain and torment.
You are vulnerable to heat. (rF-)
You are in touch with the powers of death.
You do not drink.
You have a special connection with the divine. (Faith)


Message History

Press: ? - help, v - describe, . - travel
Here: a gnoll sergeant, wielding a +1 trident of venom and wearing a +0 scale mail The floor.
Unknown command.
Things that are here:
a +0 spear; a gnoll corpse You see here a gnoll skeleton.
Casting: Frozen Ramparts (quite dangerous; 26% risk of failure)
Confirm with . or Enter, or press ? or * to list all spells.
Casting: Frozen Ramparts (quite dangerous; 26% risk of failure)
Press: ? - help, Dir - look around, f - activate The walls around you are covered in ice.
The wall freezes the gnoll sergeant but does no damage.
The gnoll sergeant hits you from afar with a +1 trident of venom!
Reach: a) +0 spear
Press: ? - help, Dir - move target, f - gnoll sergeant
Aim: a gnoll sergeant, wielding a +1 trident of venom and wearing a +0 scale mail (about 28% to evade your +0 spear)
You reach to attack!
You barely miss the gnoll sergeant.
The wall freezes the gnoll sergeant.
The gnoll sergeant barely misses you.
Reach: a) +0 spear
Press: ? - help, Dir - move target, f/p - gnoll sergeant
Aim: a gnoll sergeant, wielding a +1 trident of venom and wearing a +0 scale mail (lightly wounded, about 28% to evade your +0 spear)
You reach to attack!
You hit the gnoll sergeant but do no damage.
The gnoll sergeant is lightly wounded.
The wall freezes the gnoll sergeant but does no damage.
The gnoll sergeant hits you from afar with a +1 trident of venom.
Reach: a) +0 spear
Press: ? - help, Dir - move target, f/p - gnoll sergeant
Aim: a gnoll sergeant, wielding a +1 trident of venom and wearing a +0 scale mail (lightly wounded, about 28% to evade your +0 spear)
You reach to attack!
You hit the gnoll sergeant but do no damage.
The gnoll sergeant is lightly wounded.
The wall freezes the gnoll sergeant but does no damage.
The gnoll sergeant hits you from afar with a +1 trident of venom!
Reach: a) +0 spear
Press: ? - help, Dir - move target, f/p - gnoll sergeant
Aim: a gnoll sergeant, wielding a +1 trident of venom and wearing a +0 scale mail (lightly wounded, about 28% to evade your +0 spear)
You reach to attack!
You barely miss the gnoll sergeant.
The gnoll sergeant is lightly wounded.
The wall freezes the gnoll sergeant but does no damage.
The gnoll sergeant hits you from afar with a +1 trident of venom!
* * * LOW HITPOINT WARNING * * *
Reach: a) +0 spear
Press: ? - help, Dir - move target, f/p - gnoll sergeant
Aim: a gnoll sergeant, wielding a +1 trident of venom and wearing a +0 scale mail (about 28% to evade your +0 spear)
You reach to attack!
You barely miss the gnoll sergeant.
The wall freezes the gnoll sergeant but does no damage.
The gnoll sergeant hits you from afar with a +1 trident of venom!
You die...

####### #.##.....##. ......#
#.###...###< ......# #.#
##.##.#. ..)...# #.# #.##.##
......# #.####..#... ..g...#
#.......#### ......##
##...##.# .......# #######
#...##.# ........# #.g÷@.#
#...##.# ##
#######.#####.###.#
#...##.###. #....g.g...##.#
#..........
#.....#.......#####[...#.####
#.....#...............##.#
#.....#......###......##.#
#.....#.......##......##.#
#.....#.<.....##...#####.#
#.....#.......##..## #.#


You could see a gnoll sergeant.

Vanquished Creatures
  An iguana (D:2)
  4 gnolls (D:3)
  2 adders
  2 dart slugs
  2 ribbon worms
  2 orcs (D:3)
  7 endoplasms
  A giant cockroach (D:1)
  4 hobgoblins
  3 kobolds (D:3)
  A quokka (D:2)
  A ball python (D:2)
  5 bats (D:2)
  3 frilled lizards
  10 goblins
  3 rats
51 creatures vanquished.

Notes
Turn   | Place    | Note
-------+----------+-------------------------------------------
     0 | D:1      | Ge0ff the Mummy Reaver began the quest for the Orb.
     0 | D:1      | Reached XP level 1. HP: 16/16 MP: 4/4
   282 | D:1      | Reached XP level 2. HP: 14/22 MP: 5/5
   350 | D:1      | Found a faded altar of an unknown god.
   730 | D:2      | Reached skill level 1 in Ice Magic
   774 | D:2      | Reached XP level 3. HP: 24/28 MP: 7/7
   787 | D:2      | Learned a level 3 spell: Frozen Ramparts
  1648 | D:2      | You fall into a shaft and drop 1 floor!
  2105 | D:3      | Found a shadowy altar of Dithmenos.
  2186 | D:3      | Reached XP level 4. HP: 31/34 MP: 8/8
  2297 | D:3      | Noticed a gnoll sergeant
  2391 | D:3      | Got Beginning the Rites and Rhymes
  2812 | D:3      | Reached XP level 5. HP: 10/40 MP: 0/10
  2951 | D:3      | Slain by a gnoll sergeant

Illustrated notes

Levels and vault maps discovered:
D:1:      dpeg_arrival_stonehenge_8_columns, layout_rooms,
          dreamdust_ecumenical_altar_statues
D:2:      minmay_recursive_quarters, layout_loops_ring
D:3:      layout_basic, lemuel_round_altar, serial_shops,
          nicolae_shop_tiny_statue_garden, moated_statue, minmay_misc_feat_room

Skill      XL: |  1  2  3  4 |
---------------+-------------+-----
Spellcasting   | 3 |  3.4
Ice Magic      | 1 2 |  2.5
Polearms       | 3 |  3.0
Fighting       | |  2.8
Dodging        | |  1.5
Conjurations   | |  2.4

Action                     |  1- 3 |  4- 6 || total
---------------------------+-------+-------++-------
  Melee: Spear             |   127 |    55 ||   182
         Punch             |     2 |       ||     2
   Cast: Frozen Ramparts   |       |     3 ||     3
    Use: Scroll            |     3 |     1 ||     4
 Armour: Leather armour    |    40 |    24 ||    64
  Dodge: Dodged            |    53 |    20 ||    73

Table legend: (Time is in decaauts)
 A = Elapsed time spent in this place.
 B = Non-inter-level travel time spent in this place.
 C = Inter-level travel time spent in this place.
 D = Time resting spent in this place.
 E = Time spent auto-exploring this place.
 F = Levels seen in this place.
 G = Mean time per level.
                   A        B        C        D        E       F      G
               +--------+--------+--------+--------+--------+-----+--------+
         Total |   2942 |   2841 |    101 |    398 |   1758 |   3 |  980.7 |
       Dungeon |   2942 |   2841 |    101 |    398 |   1758 |   3 |  980.7 |
               +--------+--------+--------+--------+--------+-----+--------+

Top non-repeatable levels by time:
     D:2: 1459 daAuts
     D:3: 956 daAuts
     D:1: 526 daAuts
